 Dungeon Crawl Stone Soup version 0.26-a0-1020-ge47f559bc5 (webtiles) character file.

Game seed: 3241874594997817199

3366 Alado the Conjurer (level 9, -2/61 HPs)
             Began as a White Draconian Conjurer on Dec 6, 2020.
             Was an Initiate of Hepliaklqana.
             Slain by an orc warrior
             ... wielding a +0 halberd
              (12 damage)
             ... on level 8 of the Dungeon on Dec 8, 2020.
             The game lasted 01:14:13 (9797 turns).

Alado the Conjurer (White Draconian Conjurer)       Turns: 9797, Time: 01:14:14

Health: -2/61      AC:  8    Str: 11      XL:     9   Next: 73%
Magic:  8/16       EV: 11    Int: 18 (20) God:    Hepliaklqana [......]
Gold:   468        SH: 13    Dex:  8 (10) Spells: 15/18 levels left

rFire    . . .     SeeInvis +   m - +2 war axe (venom)
rCold    + . .     Faith    .   d - +0 kite shield
rNeg     . . .     Spirit   .   (armour unavailable)
rPois    +         Reflect  +   (helmet restricted)
rElec    .         Harm     .   (no cloak)
rCorr    .         Rampage  .   (no gloves)
Will     .....                  g - +0 pair of boots
Stlth    ++........             b - amulet of reflection
HPRegen  0.20/turn              q - ring of Maydony {Slay+5 SInv}
MPRegen  0.15/turn              (no ring)

@: short of breath
A: breathe frost, unfitting armour, reduced essence, claws 1, blink, cold
resistance 1, poison resistance, cold-blooded, AC +7
a: Breathe Frost, Blink, Recall Ancestor, Ancestor Identity, Renounce Religion


You were on level 8 of the Dungeon.
You worshipped Hepliaklqana.
Hepliaklqana was noncommittal.
You visited 2 branches of the dungeon, and saw 9 of its levels.
You also visited: Ossuary.

You collected 468 gold pieces.

Inventory:

Hand Weapons
 m - a +2 war axe of venom (weapon)
Missiles
 c - 35 poisoned darts (quivered)
Armour
 d - a +0 kite shield (worn)
 g - a +0 pair of boots (worn)
Jewellery
 b - an amulet of reflection (around neck)
 q - the ring of Maydony (left claw) {Slay+5 SInv}
   (You found it on level 6 of the Dungeon)

   [ring of see invisible]

   It affects your accuracy and damage with ranged weapons and melee attacks
   (+5).
   It lets you see invisible.
 s - an uncursed amulet of regeneration
Wands
 a - a wand of flame (20)
 h - a wand of paralysis (6)
 n - a wand of disintegration (3)
Scrolls
 f - 3 scrolls of teleportation
 k - 3 scrolls of remove curse
 l - 2 scrolls of fog
 o - a scroll of fear
 p - 5 scrolls of identify
Potions
 e - 2 potions of might
 i - 3 potions of magic
 r - 2 potions of brilliance
 u - 2 potions of degeneration
Miscellaneous
 j - a lightning rod (4/4)


   Skills:
 + Level 2.9 Fighting
 + Level 1.7 Short Blades
 + Level 5.1 Axes
 + Level 0.2(3.1) Maces & Flails
 + Level 6.1 Throwing
 + Level 4.2 Dodging
 + Level 3.1 Stealth
 + Level 4.2 Shields
 + Level 5.2 Spellcasting
 + Level 6.7 Conjurations


You had 15 spell levels left.
You knew the following spells:

 Your Spells              Type           Power        Failure   Level
a - Magic Dart            Conj           ####         3%          1
b - Searing Ray           Conj           ####..       4%          2

Your spell library contained the following spells:

 Spells                   Type           Power        Failure   Level
 Dazzling Flash           Conj/Hex       ###...       36%         3
 Fulminant Prism          Conj/Hex       ###.......   78%         4
 Iskenderun's Mystic Bla  Conj/Tloc      ###.....     78%         4


Dungeon Overview and Level Annotations

Branches:
Dungeon (8/15)             Temple (1/1) D:6         Ossuary (visited)
   Lair: D:8-11

Altars:
Ashenzari
Dithmenos
Elyvilon
Fedhas
Gozag
Hepliaklqana
Kikubaaqudgha
Makhleb
Nemelex Xobeh
Okawaru
Qazlal
Ru
Sif Muna
Trog
Uskayaw
Vehumet
Wu Jian
Xom
Yredelemnul
Zin
The Shining One

Shops:
D:8 (

Annotations:
D:4 1 runed translucent door, hemabe71's ghost, amateur HuAr


Innate Abilities, Weirdness & Mutations

You can breathe waves of freezing cold.
You can buffet flying creatures when you breathe cold.
Your icy white scales are hard. (AC +7)
You cannot fit into any form of body armour.
Your flesh is cold resistant. (rC+)
You are cold-blooded and may be slowed by cold attacks.
Your life essence is reduced to manifest your ancestor. (-10% HP)
You have sharp fingernails.
You can translocate small distances at will.
Your system is resistant to poisons. (rPois)


Message History

Casting: Searing Ray (safe; 4% risk of failure)
Confirm with . or Enter, or press ? or * to list all spells.
Aiming: Searing Ray (safe; 4% risk of failure)
Press: ? - help, Shift-Dir - straight line, f/p - orc warrior
Aim: an orc warrior, wielding a +0 halberd and wearing a +0 chain mail (moderately wounded, 23% to evade)
The searing ray hits the orc warrior.
The orc warrior is moderately wounded. (Press . to maintain the ray.)
The searing ray hits the orc warrior!
The orc warrior is almost dead.
You block the orc warrior's attack.
The searing ray hits the orc warrior.
The orc warrior is almost dead.
The orc warrior hits you from afar with a +0 halberd!
* * * LOW HITPOINT WARNING * * *
The searing ray hits the orc warrior but does no damage.
The orc warrior is almost dead.
You finish channeling your searing ray.
The orc warrior hits you from afar with a +0 halberd!
You die...

######.#R#.. #.#.#..
....... ############.#.##.
....... #...>.....##.#..##
....... #............##.##
....... #............##..#
....... #.#....##....###.#
....... #............#....
.......##@##.#.#....##....
.......<.....#.#....##....
.######o#......#....#####+
.).######.#.###### #.
.....# #..(........# #.
.......# #.#########.####
#.....## #.#########.##..
...... #.........#.##..
...... #######.........


You could see an orc warrior.

Vanquished Creatures
  Prince Ribbit (D:5)
  Grinder (D:3)
  Eustachio (D:6)
  A wyvern (D:8)
  Menkaure (D:4)
  2 orc warriors
  2 sky beasts
  An ice beast (D:8)
  3 ogres
  3 bullfrogs
  2 elf zombies (Ossuary)
  A scorpion (D:4)
  A howler monkey (D:8)
  8 wights
  A centaur zombie (Ossuary)
  3 hounds
  A human zombie (Ossuary)
  5 orc priests
  2 centaur skeletons
  An iguana (D:5)
  7 orc wizards
  A worker ant (D:5)
  Terence (D:3)
  A big kobold zombie (Ossuary)
  A hound skeleton (D:5)
  2 mummies (Ossuary)
  7 gnolls
  4 adders
  3 shadow imps
  2 white imps (D:6)
  2 ufetubi
  2 adder zombies
  5 oozes
  2 adder skeletons
  2 worms (D:2)
  9 leopard geckos
  29 orcs
  A ball python (D:3)
  10 giant cockroaches
  7 goblins
  10 hobgoblins
  6 jackals
  A quokka (D:5)
  4 bats
  5 frilled lizards
  7 hobgoblin zombies (Ossuary)
  5 kobolds
  10 kobold zombies (Ossuary)
  2 leopard gecko skeletons (D:4)
  A leopard gecko zombie (D:6)
  11 orc zombies (Ossuary)
  A quokka skeleton (D:3)
  3 rats
  3 rat zombies (Ossuary)
208 creatures vanquished.

Vanquished Creatures (collateral kills)
  A howler monkey (D:8)
  A bullfrog zombie (D:8)
  4 orcs (D:8)
6 creatures vanquished.

Vanquished Creatures (others)
  2 ancestors (D:8)
2 creatures vanquished.

Grand Total: 216 creatures vanquished

Notes
Turn   | Place    | Note
-------+----------+-------------------------------------------
     0 | D:1      | Alado the Draconian Conjurer began the quest for the Orb.
     0 | D:1      | Reached XP level 1. HP: 14/14 MP: 3/3
   199 | D:1      | Reached XP level 2. HP: 20/20 MP: 0/5
   202 | D:1      | Learned a level 2 spell: Searing Ray
  1024 | D:1      | Reached XP level 3. HP: 19/26 MP: 3/6
  1611 | D:2      | Found a radiant altar of Vehumet.
  1625 | D:2      | Found a burning altar of Makhleb.
  1656 | D:2      | Reached skill level 1 in Throwing
  1799 | D:2      | Reached XP level 4. HP: 26/33 MP: 0/7
  2789 | D:3      | Found a broken altar of Ashenzari.
  2810 | D:3      | Found a glowing silver altar of Zin.
  2829 | D:3      | Reached XP level 5. HP: 24/38 MP: 4/8
  2967 | D:3      | Noticed an angel
  2973 | D:3      | Found a shimmering altar of Xom.
  2994 | D:3      | Noticed Grinder
  3006 | D:3      | Paralysed by Grinder for 2 turns
  3009 | D:3      | Killed Grinder
  3010 | D:3      | Reached skill level 1 in Short Blades
  3010 | D:3      | Reached skill level 5 in Conjurations
  3010 | D:3      | Reached XP level 6. HP: 24/46 MP: 4/10
  3271 | D:3      | Noticed Terence
  3303 | D:3      | Killed Terence
  3637 | D:4      | Noticed Menkaure
  3644 | D:4      | Killed Menkaure
  3645 | D:4      | Reached skill level 1 in Shields
  3767 | D:4      | Your scales start taking on an icy white colour.
  3767 | D:4      | Reached XP level 7. HP: 51/51 MP: 9/12
  3767 | D:4      | Gained mutation: Your flesh is cold resistant. (rC+) [White
                  | Draconian growth]
  4227 | D:4      | Noticed hemabe71's ghost (amateur HuAr)
  4229 | D:4      | Found a runed translucent door.
  4707 | D:4      | Upgraded the game from 0.26-a0-996-g6b303dbc09 to
                  | 0.26-a0-1012-gedcf9b2963
  4723 | D:5      | Entered Level 5 of the Dungeon
  4849 | D:5      | Reached skill level 1 in Fighting
  4913 | D:5      | Reached skill level 1 in Axes
  5092 | D:5      | Reached XP level 8. HP: 45/59 MP: 13/13
  5498 | D:5      | Noticed Prince Ribbit
  5514 | D:5      | Killed Prince Ribbit
  5515 | D:5      | Reached skill level 5 in Throwing
  5737 | D:5      | Found a bloodstained altar of Trog.
  5883 | D:5      | Upgraded the game from 0.26-a0-1012-gedcf9b2963 to
                  | 0.26-a0-1020-ge47f559bc5
  6764 | D:6      | Reached XP level 9. HP: 68/68 MP: 9/15
  6898 | D:6      | Got a transparent golden ring
  6899 | D:6      | Identified the ring of Maydony {Slay+5 SInv} (You found it
                  | on level 6 of the Dungeon)
  6928 | D:6      | Found a staircase to the Ecumenical Temple.
  6936 | Temple   | Entered the Ecumenical Temple
  7149 | D:6      | Noticed Eustachio
  7172 | D:6      | Killed Eustachio
  7798 | D:7      | Found a sand-covered staircase.
  7807 | Ossuary  | Entered an ossuary
  8368 | D:7      | Gained mutation: Your system is resistant to poisons.
                  | (rPois) [potion of mutation]
  8368 | D:7      | Gained mutation: You have sharp fingernails. [potion of
                  | mutation]
  8368 | D:7      | Gained mutation: You can translocate small distances at
                  | will. [potion of mutation]
  8530 | D:7      | Found a basalt altar of Yredelemnul.
  9052 | D:8      | Found a white marble altar of Elyvilon.
  9055 | D:8      | Found a hazy altar of Hepliaklqana.
  9059 | D:8      | Became a worshipper of Hepliaklqana the Forgotten
  9065 | D:8      | Found a glowing golden altar of the Shining One.
  9068 | D:8      | Found a shadowy altar of Dithmenos.
  9073 | D:8      | Reached skill level 5 in Axes
  9295 | D:8      | Reached skill level 5 in Spellcasting
  9428 | D:8      | Found Ceoraote's Weapon Shop.
  9797 | D:8      | Slain by an orc warrior

Illustrated notes

Levels and vault maps discovered:
D:1:      giann_wishing_wells, layout_loops_ring, serial_park_tiny_1,
          chequers_serial_rivers_small_b
D:2:      cheibrodos_pilgrimage, layout_basic,
          chequers_temple_overflow_statue_of_worship
D:3:      layout_basic, grunt_temple_overflow_order_and_chaos_1,
          ashenzari_conservatory_becter, uniq_terence, uniq_grinder
D:4:      layout_loops_ring, hellmonk_ghost_happy_afterlife, minmay_checkerbox,
          uniq_menkaure
D:5:      layout_basic, kennysheep_mini_moat, minivault_26, uniq_prince_ribbit1
D:6:      layout_basic, minmay_temple_entry_glassed_door, uniq_eustachio
D:7:      layout_loops_corners, general_overflow_altar, enter_ossuary_1,
          minmay_misc_feat_hallway
D:8:      kennysheep_orc_sif_temple, layout_basic,
          grunt_temple_overflow_cloverleaf, serial_shops,
          nicolae_shop_statue_plus
Temple:   cyrus_temple_forest

Skill      XL: |  1  2  3  4  5  6  7  8  9 |
---------------+----------------------------+-----
Throwing       | 1 2 3 4 5 6 |  6.1
Stealth        | 2 3 |  3.1
Dodging        | 2 3 4 |  4.2
Short Blades   | 1 |  1.7
Conjurations   | 5 6 |  6.7
Spellcasting   | 3 4 5 |  5.2
Shields        | 1 3 4 |  4.2
Fighting       | 1 2 |  2.9
Axes           | 1 4 5 |  5.1
Maces & Flails | |  0.2

Action                   |  1- 3 |  4- 6 |  7- 9 || total
-------------------------+-------+-------+-------++-------
Melee: Dagger            |    66 |    15 |       ||    81
       Tailslap          |    11 |     1 |    17 ||    29
       Spear             |       |     5 |       ||     5
       Mace              |       |     9 |     4 ||    13
       War axe           |       |       |   178 ||   178
Throw: Dart              |    41 |    47 |   126 ||   214
 Cast: Magic Dart        |    47 |    20 |   131 ||   198
       Searing Ray       |       |    11 |    31 ||    42
 Abil: Breathe Frost     |       |       |     3 ||     3
  Use: Potion            |     5 |     1 |     4 ||    10
       Scroll            |     2 |     5 |     9 ||    16
Armor: Skin              |    17 |     7 |    65 ||    89
Dodge: Dodged            |    22 |    14 |    69 ||   105
Block: Kite shield       |    36 |    14 |   152 ||   202
       Reflection        |     2 |       |     3 ||     5

Table legend: (Time is in decaauts)
 A = Elapsed time spent in this place.
 B = Non-inter-level travel time spent in this place.
 C = Inter-level travel time spent in this place.
 D = Time resting spent in this place.
 E = Time spent auto-exploring this place.
 F = Levels seen in this place.
 G = Mean time per level.
                   A        B        C        D        E       F      G
               +--------+--------+--------+--------+--------+-----+--------+
         Total |   9871 |   9580 |    291 |   1707 |   6067 |  10 |  987.1 |
       Dungeon |   9186 |   8895 |    291 |   1571 |   5847 |   8 | 1148.2 |
        Temple |    121 |    121 |      0 |      0 |     54 |   1 |  121.0 |
       Ossuary |    564 |    564 |      0 |    136 |    166 |   1 |  564.0 |
               +--------+--------+--------+--------+--------+-----+--------+

Top non-repeatable levels by time:
     D:5: 1591 daAuts
     D:1: 1571 daAuts
     D:4: 1109 daAuts
     D:6: 1051 daAuts
     D:2: 1049 daAuts
     D:3: 1012 daAuts
     D:7: 1004 daAuts
     D:8: 795 daAuts
 Ossuary: 564 daAuts
  Temple: 121 daAuts
